 Dungeon Crawl Stone Soup version 0.29-a0-96-g93358da72b (webtiles) character file.

Game seed: 2822295000424336944

79 siradein the Insei (level 4, -5/29 HPs)
             Began as an Octopode Transmuter on Feb 10, 2022.
             Slain by a gnoll (6 damage)
             ... on level 2 of the Dungeon.
             The game lasted 00:03:00 (1781 turns).

siradein the Insei (Octopode Transmuter)            Turns: 1781, Time: 00:03:01

Health: -5/29      AC:  1    Str:  9    XL:     4   Next: 37%
Magic:  6/7        EV: 13    Int: 17    God:
Gold:   81         SH:  0    Dex: 12    Spells: 1/7 levels left

rFire   . . .      SeeInvis .     - Unarmed
rCold   . . .      Faith    .   (no shield)
rNeg    . . .      Spirit   .   (helmet currently unavailable)
rPois   .          Reflect  .   (no amulet)
rElec   .          Harm     .   (no ring)
rCorr   .          Rampage  .   (no ring)
Will    .....                   (no ring)
Stlth   +++.......              (no ring)
HPRegen 0.09/turn               (no ring)
MPRegen 0.10/turn               (no ring)
                                (no ring)
                                (no ring)

@: appendages (expiring)
A: tentacle spike 3, almost no armour, amphibious, 8 rings, camouflage 1,
gelatinous body 1, nimble swimmer 1, tentacles
a: End Transformation


You were on level 2 of the Dungeon.
One of your tentacles had grown a beastly spike.
You visited 1 branch of the dungeon, and saw 2 of its levels.

You collected 81 gold pieces.

Inventory:

Missiles
 i - a throwing net
Scrolls
 b - 3 scrolls of identify {unknown}
 c - a scroll of fog {unknown}
 f - a scroll of blinking {unknown}
 h - a scroll of summoning {unknown}
Potions
 a - a potion of cancellation {unknown}
 d - 2 potions of degeneration {unknown}
 e - a potion of invisibility {unknown}
 g - a potion of curing {unknown}


   Skills:
 + Level 1.8 Fighting
 + Level 2.5 Dodging
 + Level 3.3 Unarmed Combat
 + Level 2.4 Spellcasting
 + Level 2.5 Transmutations
 + Level 1.5 Poison Magic


You had one spell level left.
You knew the following spells:

 Your Spells              Type           Power      Damage    Failure   Level
a - Beastly Appendage     Tmut           20%        N/A       6%          1
b - Wereblood             Tmut           10%        N/A       10%         2
c - Spider Form           Tmut/Pois      9%         N/A       24%         3

Your spell library contained the following spells:

 Spells                   Type           Power      Damage    Failure   Level
 Ice Form                 Ice/Tmut       6%         N/A       73%         4


Dungeon Overview and Level Annotations

Branches:
Dungeon (2/15)

Altars:
Vehumet


Innate Abilities, Weirdness & Mutations

One of your tentacles has grown a beastly spike.
You cannot wear most types of armour.
You are amphibious.
You can wear up to eight rings at the same time.
Your skin changes colour to match your surroundings (Stealth+).
Your rubbery body absorbs attacks. (AC +1, EV +1)
You are camouflaged when in or above water. (Stealth+)
You have tentacles for arms and can constrict up to eight enemies at once.


Message History

You tentacle-slap the gnoll.
You pierce the gnoll, but do no damage.
The gnoll is almost dead.
You constrict the gnoll, but do no damage.
The gnoll closely misses you.
You tentacle-slap the gnoll.
You kill the gnoll!
Your tentacle spike disappears.
There is a large open door here.
One of your tentacles grows a vicious spike.
The gnoll closely misses you.
You closely miss the gnoll. Your grab misses the gnoll.
Your squeeze misses the gnoll. The gnoll barely misses you.
You tentacle-slap the gnoll but do no damage.
Your grab misses the gnoll.
You pierce the gnoll.
Your squeeze misses the gnoll.
The gnoll is moderately wounded.
The gnoll closely misses you. The gnoll hits you with a +0 whip!
The gnoll hits you with a +0 club.
You are too injured to fight recklessly!
The gnoll hits you with a +0 whip.
* * * LOW HITPOINT WARNING * * *
You tentacle-slap the gnoll. Your grab misses the gnoll. You squeeze the gnoll.
The gnoll is moderately wounded.
The gnoll hits you with a +0 whip.
* * * LOW HITPOINT WARNING * * *
You tentacle-slap the gnoll. Your grab misses the gnoll.
The gnoll is heavily wounded.
The gnoll misses you.
You closely miss the gnoll. Your grab misses the gnoll.
The gnoll is heavily wounded.
The gnoll barely misses you.
You barely miss the gnoll. You grab the gnoll.
The gnoll is heavily wounded.
Your transformation is almost over.
You constrict the gnoll. The gnoll misses you.
You tentacle-slap the gnoll but do no damage.
You squeeze the gnoll.
You kill the gnoll!
The gnoll hits you with a +0 club.
You die...

≈≈............≈≈## .....
≈....≈≈≈≈≈≈....≈≈# .....
....≈.####.≈....≈# .. .....
....≈## ##≈....≈# #.# #####
....≈# #≈....≈# .. ....≈#
#≈....≈# ##.###### ....≈##
##≈....≈# ...#....
....≈.####.≈..gg≈# #.#.###
≈....≈≈≈≈≈≈....≈@####### #......
≈≈............≈≈###....# #......
#≈≈..........≈≈##.#....# #...###
##≈≈........≈≈##..#....# #...# #
.##≈≈......≈≈##...#....# #.#.# #
..##≈≈≈..≈≈≈##....#....####g#....
..#####''####.....#.......#.##.##
..# #...g..g....#.......#.# ..
..# ########....###.....#.###.#


You could see 2 gnolls.

Vanquished Creatures
  4 gnolls (D:2)
  An adder (D:2)
  2 dart slugs
  4 endoplasms
  A giant cockroach (D:1)
  3 hobgoblins
  2 jackals (D:1)
  3 quokkas (D:1)
  6 ball pythons
  6 bats
  4 frilled lizards
  A kobold (D:2)
  2 rats (D:1)
39 creatures vanquished.

Notes
Turn   | Place    | Note
-------+----------+-------------------------------------------
     0 | D:1      | siradein the Octopode Transmuter began the quest for the
                  | Orb.
     0 | D:1      | Reached XP level 1. HP: 13/13 MP: 3/3
   201 | D:1      | Reached XP level 2. HP: 18/18 MP: 3/5
   965 | D:1      | Reached XP level 3. HP: 23/23 MP: 4/6
   995 | D:1      | Reached skill level 1 in Poison Magic
   998 | D:1      | Learned a level 2 spell: Wereblood
  1002 | D:1      | Learned a level 3 spell: Spider Form
  1447 | D:2      | Found a radiant altar of Vehumet.
  1626 | D:2      | Reached XP level 4. HP: 21/29 MP: 5/7
  1777 | D:2      | HP: 1/29 [gnoll (5)]
  1781 | D:2      | Slain by a gnoll

Illustrated notes

Levels and vault maps discovered:
D:1:      dpeg_arrival_long_road, layout_basic, patterned_corridor
D:2:      layout_basic, basic_altar, kennysheep_big_empty_room, uniq_natasha

Skill      XL: |  1  2  3 |
---------------+----------+-----
Poison Magic   | 1 |  1.5
Fighting       | |  1.8
Dodging        | |  2.5
Unarmed Combat | |  3.3
Spellcasting   | |  2.4
Transmutations | |  2.5

Action                   |  1- 3 |  4- 6 || total
-------------------------+-------+-------++-------
Melee: Unarmed           |    70 |    15 ||    85
       Constrict         |    17 |     4 ||    21
       Kick              |    18 |     3 ||    21
       Tentacles         |    11 |     4 ||    15
       Punch             |     3 |       ||     3
 Cast: Beastly Appendage |    24 |     3 ||    27
 Stab: Sleeping          |     9 |       ||     9
Armor: Skin              |     9 |       ||     9
Dodge: Dodged            |    34 |     8 ||    42

Table legend: (Time is in decaauts)
 A = Elapsed time spent in this place.
 B = Non-inter-level travel time spent in this place.
 C = Inter-level travel time spent in this place.
 D = Time resting spent in this place.
 E = Time spent auto-exploring this place.
 F = Levels seen in this place.
 G = Mean time per level.
                   A        B        C        D        E       F      G
               +--------+--------+--------+--------+--------+-----+--------+
         Total |   1774 |   1742 |     32 |      0 |   1409 |   2 |  887.0 |
       Dungeon |   1774 |   1742 |     32 |      0 |   1409 |   2 |  887.0 |
               +--------+--------+--------+--------+--------+-----+--------+

Top non-repeatable levels by time:
     D:1: 1209 daAuts
     D:2: 565 daAuts
